AoeStats
← 漠北万丈孤烟长河落日圆

Coastal Forest

511023067Analyzed
4v4 RM · 4h ago on Oct 3, 2026· 18m 19s· 8 players
Game mode
Random Map
Map size
Large (8 player)
Population
200
Speed
Normal
Resources
Standard
Victory
Conquest
Starting age
Dark Age
Ending age
Imperial Age
RankedLock teamsTeams togetherTeam positionsShared explorationLock speedFull tech treeHidden civsTurbo modeCheats
Victory
Defeat
🇩🇪 Ethiopians · Germany
1462
+14
🇮🇹 Khmer · Italy
1409
+16
1322
+19
🇹🇼 Persians · Taiwan
1316
+19
🇨🇳 Mongols · China
1456
-19
🇮🇩 Spanish · Indonesia
1397
-17
🇪🇸 Khmer · Spain
1385
-16
🇨🇳 Magyars · China
1370
-16
酒醉上義姬
6:32 Loom
8:39 Feudal Age
10:02 Double-Bit Axe
pauito79_ator
6:55 Loom
7:02 Loom
10:09 Feudal Age
10:42 Double-Bit Axe
12:09 Gold Mining
12:40 Fletching
13:55 Padded Archer Armor
牛比无极限
11:01 Loom
12:47 Feudal Age
15:50 Double-Bit Axe
18:20 Castle Age
17:56 Wheelbarrow
Mick...
10:54 Feudal Age
15:09 Castle Age
13:10 Double-Bit Axe
13:29 Horse Collar
14:09 Fletching
14:51 Padded Archer Armor
GdR_Salinaro
7:10 Loom
9:26 Feudal Age
10:18 Double-Bit Axe
10:34 Horse Collar
15:31 Wheelbarrow
17:39 Forging
18:10 Bloodlines
18:45 Gold Mining
manfred_da_pig
5:58 Loom
8:52 Feudal Age
11:34 Double-Bit Axe
12:22 Fletching
16:09 Horse Collar
17:12 Padded Archer Armor
chengaopeng044
0:36 Loom
0:36 Loom
10:52 Feudal Age
14:20 Castle Age
12:22 Double-Bit Axe
漠北万丈孤烟长河落日圆
1:40 Loom
11:54 Feudal Age
12:45 Double-Bit Axe
16:39 Castle Age
16:08 Bloodlines
15:45 Horse Collar
17:54 Bow Saw
Connection lost

Rejoining the realm…

Still unreachable

The connection could not be restored.

Session expired

The server has moved on; the page needs a fresh start.